 Dungeon Crawl Stone Soup version 0.30-a0-364-gf6b3ef1049 (webtiles) character file.

Game seed: 5093978136218553909

3348 funkygono the Arsonist (level 9, 0/61 HPs)
             Began as a Demonspawn Fire Elementalist on Nov 14, 2022.
             Was a Believer of Vehumet.
             Slain by Erica
             ... wielding a +2 scimitar of flaming
              (5 damage)
             ... on level 8 of the Dungeon on Nov 15, 2022.
             The game lasted 00:21:56 (10758 turns).

funkygono the Arsonist (DsFE)                      Turns: 10758, Time: 00:21:57

Health: 0/61       AC:  8    Str:  8    XL:     9   Next: 72%
Magic:  14/21      EV: 13    Int: 21    God:    Vehumet [**....]
Gold:   457        SH:  0    Dex: 14    Spells: 8/24 levels left

rFire   . . .      SeeInvis .    u - +2 flail (protect)
rCold   . . .      Faith    .    (no shield)
rNeg    . . .      Spirit   .    m - +0 leather armour
rPois   .          Reflect  .    (no helmet)
rElec   .          Harm     .    p - +2 cloak
rCorr   .          Rampage  .    E - +0 pair of gloves
Will    .....                    v - +0 pair of boots
Stlth   ++........               (no amulet)
HPRegen 0.30/turn                k - ring of flight
MPRegen 0.17/turn                (no ring)

@: marked, flying
A: hooves 1, sturdy frame 2
a: Renounce Religion


You were on level 8 of the Dungeon.
You worshipped Vehumet.
Vehumet was pleased with you.
You visited 2 branches of the dungeon, and saw 9 of its levels.
You also visited: Ossuary.

You collected 457 gold pieces.

Inventory:

Hand Weapons
 n - a +1 whip
 u - a +2 flail of protection (weapon)
 A - a +3 morningstar of freezing
Armour
 a - a +0 robe
 h - a +0 hat
 l - a +2 cloak
 m - a +0 leather armour (worn)
 p - a +2 cloak (worn)
 r - a +0 tower shield
 v - a +0 pair of boots (worn)
 x - a +0 crystal plate armour
 E - a +0 pair of gloves (worn)
Jewellery
 k - a ring of flight (left hand)
Wands
 o - a wand of flame (25)
 w - a wand of paralysis (3)
Scrolls
 c - a scroll of amnesia
 e - 2 scrolls of identify
 i - 5 scrolls of teleportation
Potions
 b - a potion of magic
 d - 2 potions of brilliance
 f - a potion of haste
 g - 2 potions of flight
 j - a potion of invisibility
 q - a potion of ambrosia {unknown}
 s - 3 potions of lignification
 t - 2 potions of attraction
 z - a potion of degeneration {unknown}
 B - 3 potions of heal wounds
 C - 2 potions of curing {unknown}
 D - a potion of mutation {unknown}
 F - a potion of resistance {unknown}


   Skills:
 + Level 2.3 Fighting
 + Level 1.3 Maces & Flails
 + Level 3.3 Dodging
 - Level 1.7 Stealth
 + Level 8.1 Spellcasting
 + Level 4.5 Conjurations
 + Level 0.1 Translocations
 + Level 8.4 Fire Magic
 + Level 0.3 Air Magic
 + Level 0.4 Evocations


You had 8 spell levels left.
You knew the following spells:

 Your Spells              Type           Power      Damage    Failure   Level
a - Foxfire               Conj/Fire      100%       2x1d9     1%          1
b - Scorch                Fire           88%        2d9       1%          2
c - Kindle Blastsparks    Fire/Tloc/Air  42%        2d13      7%          3
d - Flame Wave            Conj/Fire      35%        2d10      5%          4
e - Blink                 Tloc           18%        N/A       12%         2
f - Kiss of Death         Conj/Necr      68%        2d10      3%          1
g - Sandblast             Erth           16%        2d6       8%          1
h - Momentum Strike       Conj/Tloc      36%        3d9       4%          2

Your spell library contained the following spells:

 Spells                   Type           Power      Damage    Failure   Level
 Static Discharge         Conj/Air       36%        2-4/arc   4%          2
 Inner Flame              Hex/Fire       26%        N/A       4%          3
 Cigotuvi's Dreadful Rot  Necr/Pois/Air  18%        N/A       12%         2
 Portal Projectile        Hex/Tloc       16%        N/A       22%         3
 Vhi's Electric Charge    Tloc/Air       18%        N/A       22%         3
 Tukima's Dance           Hex            8%         N/A       24%         3
 Manifold Assault         Tloc           9%         N/A       58%         4
 Passage of Golubria      Tloc           9%         N/A       58%         4
 Dispel Undead            Necr           8%         3d8       61%         4
 Arcjolt                  Conj/Air       9%         1d19      63%         5
 Lightning Bolt           Conj/Air       9%         1d21      63%         5
 Blade Hands              Tmut           4%         N/A       91%         5
 Yara's Violent Unravell  Hex/Tmut       4%         3d4       91%         5
 Conjure Ball Lightning   Conj/Air       9%         3x3d6     99%         6
 Death Channel            Necr           4%         N/A       100%        6
 Storm Form               Tmut/Air       4%         N/A       100%        7
 Discord                  Hex            4%         N/A       100%        8
 Disjunction              Tloc           4%         N/A       100%        8


Dungeon Overview and Level Annotations

Branches:
Dungeon (8/15)             Temple (1/1) D:4         Ossuary (visited)
   Lair: D:8-11

Altars:
Ashenzari
Cheibriados
Hepliaklqana
Kikubaaqudgha
Makhleb
Nemelex Xobeh
Okawaru
Qazlal
Ru
Sif Muna
Trog
Uskayaw
Vehumet
Wu Jian
Xom
Yredelemnul

Shops:
D:1 (

Annotations:
D:5 2 runed translucent doors
D:8 Erica, Gastronok


Innate Abilities, Weirdness & Mutations

You have large cloven feet.
Your movements are less encumbered by armour. (ER -4)


Message History

You conjure some foxfire!
The foxfire hits something but does no damage.
The foxfire hits something.
Casting: Foxfire (safe; 1% risk of failure)
Confirm with . or Enter, or press ? or * to list all spells.
You conjure some foxfire!
The foxfire hits something. x4
Gastronok casts a spell.
Unknown command.
Casting: Foxfire (safe; 1% risk of failure)
Confirm with . or Enter, or press ? or * to list all spells.
You conjure some foxfire!
The foxfire hits the river rat.
The river rat is moderately wounded.
Casting: Foxfire (safe; 1% risk of failure)
Confirm with . or Enter, or press ? or * to list all spells.
You conjure some foxfire!
The foxfire hits the river rat!
You kill the river rat!
The river rat's corpse disappears in a puff of smoke!
The foxfire hits the rat!
You kill the rat!
The rat's corpse disappears in a puff of smoke!
Gastronok waves his eye-stalks in wide circles.
The air twists around and strikes you!!
The foxfire hits something!
Casting: Foxfire (safe; 1% risk of failure)
Confirm with . or Enter, or press ? or * to list all spells.
You conjure some foxfire!
The foxfire hits something. x2
Casting: Foxfire (safe; 1% risk of failure)
Confirm with . or Enter, or press ? or * to list all spells.
You conjure some foxfire!
The foxfire hits something.
The foxfire hits something but does no damage.
Unknown command.
Your foxfire dissipates!
The foxfire hits something.
Something hits you!
* * * LOW HITPOINT WARNING * * *
Something burns you.
* * * LOW HITPOINT WARNING * * *
Something hits you!
* * * LOW HITPOINT WARNING * * *
Something burns you.
You die...

.................#.#....
.................####....
......(.......... #....
.>............... #....
.................. ....#
...#.......# .....
.........<.##w....
.#..............
#...)@.r.....##
##.............
##.........##
#.......#### ###.....##
#......# ###....###
#.......# ##......#


You could see Gastronok and a rat (summoned).

Vanquished Creatures
  Grum (D:8)
  A steam dragon (D:7)
  Duvessa (D:7)
  2 orc warriors (D:8)
  An ice beast (D:7)
  An ogre (D:6)
  3 black bears
  2 wolves
  A centaur (D:8)
  4 phantoms
  3 bullfrogs (D:7)
  A scorpion (D:6)
  A necrophage (D:7)
  5 wights (D:7)
  A jelly (D:6)
  Dowan (D:7)
  2 vampire bats (D:7)
  A crimson imp (D:7)
  A human zombie (Ossuary)
  3 gnoll boudas
  6 orc priests
  3 hounds
  An iguana (D:4)
  Terence (D:3)
  Natasha (thrice) (D:3 D:2)
  6 orc wizards
  3 mummies (Ossuary)
  8 adders
  8 gnolls
  A shadow imp (D:7)
  3 white imps
  2 ufetubi (D:4)
  4 adder zombies (Ossuary)
  3 worms
  30 orcs
  8 ball pythons
  6 bats
  2 bat skeletons (D:7)
  3 bat zombies (D:7)
  6 endoplasms
  4 giant cockroaches
  A gnoll zombie (Ossuary)
  5 goblins
  6 hobgoblins
  12 jackals
  4 quokkas
  9 frilled lizards
  2 hobgoblin zombies (Ossuary)
  10 kobolds
  2 kobold zombies (Ossuary)
  2 orc zombies (Ossuary)
  3 quokka zombies (Ossuary)
  5 rats
  3 rat zombies (Ossuary)
211 creatures vanquished.

Vanquished Creatures (others)
  582 foxfires
  8 plants (D:4)
590 creatures vanquished.

Grand Total: 801 creatures vanquished

Notes
Turn   | Place    | Note
-------+----------+-------------------------------------------
     0 | D:1      | funkygono the Demonspawn Fire Elementalist began the quest
                  | for the Orb.
     0 | D:1      | Reached XP level 1. HP: 13/13 MP: 3/3
   367 | D:1      | Found Hakyetru's Weapon Emporium.
   375 | D:1      | Found a faded altar of an unknown god.
   382 | D:1      | Gained mutation: Your movements are slightly less
                  | encumbered by armour. (ER -2) [demonic ancestry]
   382 | D:1      | Reached XP level 2. HP: 19/19 MP: 0/5
   700 | D:1      | Learned a level 2 spell: Scorch
   864 | D:2      | Reached XP level 3. HP: 15/24 MP: 0/6
   868 | D:2      | Learned a level 3 spell: Kindle Blastsparks
  1742 | D:2      | Reached XP level 4. HP: 30/30 MP: 2/8
  2129 | D:3      | Noticed Natasha
  2133 | D:3      | Killed Natasha
  2230 | D:3      | Noticed Natasha
  2264 | D:3      | Killed Natasha
  2265 | D:3      | Reached skill level 1 in Fighting
  2265 | D:3      | Reached XP level 5. HP: 29/37 MP: 1/9
  2270 | D:3      | Learned a level 4 spell: Flame Wave
  2347 | D:3      | Noticed Terence
  2351 | D:3      | Noticed Natasha
  2451 | D:2      | Killed Natasha
  2593 | D:3      | Killed Terence
  2753 | D:3      | Found a broken altar of Ashenzari.
  2753 | D:3      | Found an ornate altar of the Wu Jian Council.
  3203 | D:4      | Reached XP level 6. HP: 35/43 MP: 0/11
  3903 | D:4      | Found a staircase to the Ecumenical Temple.
  3913 | Temple   | Entered the Ecumenical Temple
  3934 | Temple   | Became a worshipper of Vehumet
  4952 | D:4      | Learned a level 2 spell: Blink
  4992 | D:5      | Entered Level 5 of the Dungeon
  5013 | D:5      | Found a large runed translucent door.
  5013 | D:5      | Found a large runed translucent door.
  5032 | D:5      | Reached skill level 5 in Fire Magic
  5032 | D:5      | Gained mutation: You have large cloven feet. [demonic
                  | ancestry]
  5032 | D:5      | Reached XP level 7. HP: 48/48 MP: 6/13
  5424 | D:5      | Found a bloodstained altar of Trog.
  5519 | D:5      | Reached skill level 5 in Spellcasting
  5720 | D:5      | You are sucked into a shaft and drop 2 floors!
  5863 | D:7      | Reached XP level 8. HP: 54/54 MP: 12/16
  5951 | D:6      | Noticed a boulder beetle
  5989 | D:6      | Found a stormy altar of Qazlal.
  6233 | D:6      | Found a sand-covered staircase.
  6239 | Ossuary  | Entered an ossuary
  6243 | Ossuary  | Reached * piety under Vehumet
  6243 | Ossuary  | Offered knowledge of Kiss of Death by Vehumet.
  7030 | D:5      | Found a shimmering blue altar of Sif Muna.
  7445 | D:5      | Learned a level 1 spell: Kiss of Death
  8324 | D:7      | Identified the +1 chain mail of Understanding {Rampage
                  | *Slow Str+2}
  8339 | D:7      | Noticed Dowan
  8341 | D:7      | Noticed Duvessa
  8343 | D:7      | Killed Dowan
  8366 | D:7      | Killed Duvessa
  8504 | D:7      | Reached skill level 1 in Maces & Flails
  8538 | D:7      | Gained mutation: Your movements are less encumbered by
                  | armour. (ER -4) [demonic ancestry]
  8538 | D:7      | Reached XP level 9. HP: 59/59 MP: 11/19
  9183 | D:7      | Reached ** piety under Vehumet
  9183 | D:7      | Offered knowledge of Sandblast by Vehumet.
  9237 | D:7      | Found a hide-covered altar of Uskayaw.
  9524 | D:7      | Found an ancient bone altar of Kikubaaqudgha.
  9599 | D:7      | Found a snail-covered altar of Cheibriados.
  9656 | D:7      | Learned a level 1 spell: Sandblast
  9882 | D:8      | Offered knowledge of Momentum Strike by Vehumet.
 10089 | D:8      | Noticed Gastronok
 10097 | D:8      | HP: 3/61 [Gastronok/the air (33)]
 10350 | D:8      | Learned a level 2 spell: Momentum Strike
 10451 | D:8      | Noticed Grum
 10628 | D:8      | Killed Grum
 10642 | D:8      | Noticed Erica
 10758 | D:8      | Slain by Erica

Illustrated notes

Levels and vault maps discovered:
D:1:      dpeg_arrival_arbitrary_c, layout_basic, serial_shops, shop,
          ebering_ecumenical_altar_mist
D:2:      layout_loops_cross, basic_altar, minmay_tromino_mix6
D:3:      layout_rooms, gammafunk_temple_overflow_wave, uniq_terence,
          uniq_natasha
D:4:      layout_basic, temple_green, minmay_lizard_king
D:5:      layout_loops_ring, led_sif_pool, jmf_multi_god_temple2,
          trog_butcher_becter
D:6:      layout_loops_corners, mainiacjoe_overflow_small_starburst,
          nicolae_ossuary_entry_plus, minmay_manual_moon
D:7:      layout_basic, kennysheep_vampire_church, nicolae_uskayaw_suspiria,
          slow_altar_2, uniq_duvessa
D:8:      layout_cave_pools, special_room [special_room_orc], uniq_erica,
          uniq_grum, uniq_gastronok
Temple:   grunt_temple_mini_profane

Skill      XL: |  1  2  3  4  5  6  7  8  9 |
---------------+----------------------------+-----
Fire Magic     | 3 4 5 7 8 |  8.4
Dodging        | 2 3 |  3.3
Conjurations   | 2 3 4 |  4.5
Spellcasting   | 3 4 5 7 8 |  8.1
Fighting       | 1 2 |  2.3
Maces & Flails | 1 |  1.3
Stealth        | |  1.7
Translocations | |  0.1
Air Magic      | |  0.3
Evocations     | |  0.4

Action                   |  1- 3 |  4- 6 |  7- 9 || total
-------------------------+-------+-------+-------++-------
Melee: Whip              |    13 |    10 |       ||    23
       Dagger            |     1 |       |       ||     1
       Flail             |       |       |    53 ||    53
       Punch             |       |       |     1 ||     1
 Cast: Foxfire           |    58 |    96 |   190 ||   344
       Scorch            |     4 |    28 |    76 ||   108
       Flame Wave        |       |       |     6 ||     6
       Kindle Blastspark |       |       |     6 ||     6
Evoke: Wand              |       |       |    11 ||    11
  Use: Scroll            |       |    12 |     8 ||    20
       Potion            |       |       |     3 ||     3
Armor: Leather armour    |    11 |    14 |    79 ||   104
       Skin              |       |     8 |       ||     8
Dodge: Dodged            |    52 |    29 |   122 ||   203

Table legend: (Time is in decaauts)
 A = Elapsed time spent in this place.
 B = Non-inter-level travel time spent in this place.
 C = Inter-level travel time spent in this place.
 D = Time resting spent in this place.
 E = Time spent auto-exploring this place.
 F = Levels seen in this place.
 G = Mean time per level.
                   A        B        C        D        E       F      G
               +--------+--------+--------+--------+--------+-----+--------+
         Total |  10796 |  10498 |    298 |    533 |   7760 |  10 | 1079.6 |
       Dungeon |  10139 |   9865 |    274 |    533 |   7222 |   8 | 1267.4 |
        Temple |    213 |    189 |     24 |      0 |    181 |   1 |  213.0 |
       Ossuary |    444 |    444 |      0 |      0 |    357 |   1 |  444.0 |
               +--------+--------+--------+--------+--------+-----+--------+

Top non-repeatable levels by time:
     D:7: 2541 daAuts
     D:4: 1888 daAuts
     D:2: 1490 daAuts
     D:5: 1189 daAuts
     D:6: 1156 daAuts
     D:3: 861 daAuts
     D:1: 716 daAuts
 Ossuary: 444 daAuts
     D:8: 294 daAuts
  Temple: 213 daAuts
